 Dungeon Crawl Stone Soup version 0.30.1-11-g7821555f0a (webtiles) character file.

Game seed: 17014155008684026829

116 Martska the Trooper (level 4, -1/37 HPs)
             Began as a Demonspawn Fighter on Dec 10, 2023.
             Was a Follower of Ashenzari.
             Slain by a wyvern (12 damage)
             ... on level 4 of the Dungeon on Dec 11, 2023.
             The game lasted 00:04:50 (1352 turns).

Martska the Trooper (Demonspawn Fighter)            Turns: 1352, Time: 00:04:50

Health: -1/37      AC:  8    Str: 16    XL:     4   Next: 69%
Magic:  6/6        EV:  9    Int: 12    God:    Ashenzari [*.....]
Gold:   81         SH:  8    Dex: 12    Spells: 6/6 levels left

rFire   . . .        a - +0 flail
rCold   . . .        c - +0 buckler of the Chained Activism {Comp, Melee} (curse)
rNeg    . . .        b - +0 scale mail of the Sibylline Apathy {Elem, Alch} (curse)
rPois   .            (no helmet)
rElec   .            j - +0 cloak
rCorr   .            l - +0 pair of gloves
SInv    .            (no boots)
Will    .....        (no amulet) Stlth
                     (no ring)
HPRegen 0.26/turn    (no ring)
MPRegen 0.20/turn

%: no passive effects
@: no status effects
A: large bone plates 1, magic regeneration
a: Renounce Religion, Curse Item, Shatter the Chains


You were on level 4 of the Dungeon.
You worshipped Ashenzari.
Ashenzari was aware of your devotion.
You visited 1 branch of the dungeon, and saw 3 of its levels.

You collected 81 gold pieces.

Inventory:

Hand Weapons
 a - a +0 flail (weapon)
Armour
 b - the cursed +0 scale mail of the Sibylline Apathy (worn) {Elem, Alch}

   It has a curse which improves the following skills: Elements: Fire Magic, Ice
   Magic, Air Magic and Earth Magic.
   Alchemy:   Poison Magic and Transmutations.
 c - the cursed +0 buckler of the Chained Activism (worn) {Comp, Melee}

   It has a curse which improves the following skills: Companions: Summonings
   and Necromancy.
   Melee Combat: Short Blades, Long Blades, Axes, Maces & Flails, Polearms,
   Staves and Unarmed Combat.
 i - a scarf of harm
 j - a +0 cloak (worn)
 l - a +0 pair of gloves (worn)
Scrolls
 e - 2 scrolls of teleportation
 k - a scroll of enchant armour
Potions
 d - 3 potions of might
 f - a potion of attraction
 g - a potion of heal wounds
 h - 2 potions of flight


   Skills:
 * Level 3.9 Fighting
 - Level 1.7(2.3) Maces & Flails
 - Level 2.7 Armour
 * Level 2.0 Dodging
 + Level 3.1 Shields
 * Level 1.7 Spellcasting


You had 6 spell levels left.
You didn't know any spells.
Your spell library contained the following spells:

 Spells                   Type           Power      Damage    Failure   Level
 Portal Projectile        Hex/Tloc       2%         N/A       98%         3
 Tukima's Dance           Hex            1%         N/A       98%         3
 Blade Hands              Tmut           0%         N/A       100%        5


Dungeon Overview and Level Annotations

Branches:
Dungeon (2/15)

Altars:
Ashenzari
Okawaru
Qazlal
Wu Jian
Xom

Shops:
D:2 *


Innate Abilities, Weirdness & Mutations

You are partially covered in large bone plates. (SH +4)
You regenerate magic rapidly.


Message History

You block the phantom's attack. The phantom hits you.
The phantom blinks!
You blink.
You barely miss the phantom.
The phantom is severely damaged.
The phantom hits you but does no damage.
You barely miss the phantom.
The phantom is severely damaged.
The phantom barely misses you.
You hit the phantom but do no damage.
The phantom is severely damaged.
You block the phantom's attack.
The phantom hits you but does no damage.
You hit the phantom but do no damage.
The phantom is severely damaged.
The phantom hits you but does no damage.
You sock the phantom!
You destroy the phantom!
Your Dodging skill increases to level 2!
Your Shields skill increases to level 3!
You have reached level 4!
You feel clever.
Magic restored.
As you open the door, it creaks loudly!
You open the door.
A wyvern comes into view.
The wyvern hisses angrily.
There is an open door here.
A wyvern is nearby!
A kobold comes into view. It is wielding a +0 dagger.
The kobold shouts!
You hit the wyvern.
The wyvern is moderately wounded.
You hear an angry hiss.
You block the wyvern's attack. The wyvern bites you!
You hit the wyvern.
The wyvern is moderately wounded.
The wyvern bites you!
* * * LOW HITPOINT WARNING * * *
The wyvern bites you!
You die...

######....####
#...#.#
)..)......#
###'##.#
..........#
#....#.#
..........#
+..#.#.#
.....######
#?#..'.#
#.##.#
#....###
#.##<# ##'###
.....# #...#
..##.. #@#.#
♣l#.# ~#..# PK
... ~~~ ...
~~~~ ....
.~~~~ .....
..~~≈≈ ♣.....


You could see a wyvern and a kobold.

Vanquished Creatures
  A phantom (D:4)
  An adder (D:2)
  3 bats
  6 endoplasms (D:1)
  3 giant cockroaches (D:1)
  4 goblins
  2 hobgoblins (D:2)
  3 kobolds
  A ball python (D:2)
  3 frilled lizards
  5 rats
32 creatures vanquished.

Notes
Turn   | Place    | Note
-------+----------+-------------------------------------------
     0 | D:1      | Martska the Demonspawn Fighter began the quest for the Orb.
     0 | D:1      | Reached XP level 1. HP: 18/18 MP: 1/1
    66 | D:1      | Found a faded altar of an unknown god.
    74 | D:1      | Prayed at the altar of an unknown god.
    74 | D:1      | Became a worshipper of Ashenzari the Shackled
   269 | D:1      | Gained mutation: You regenerate magic rapidly. [demonic
                  | ancestry]
   269 | D:1      | Reached XP level 2. HP: 24/24 MP: 2/2
   512 | D:1      | Reached * piety under Ashenzari
   671 | D:1      | Reached skill level 1 in Dodging
   889 | D:2      | Found Yxta's Assorted Antiques.
   941 | D:2      | Found an iron altar of Okawaru.
  1022 | D:2      | Gained mutation: You are partially covered in large bone
                  | plates. (SH +4) [demonic ancestry]
  1022 | D:2      | Reached XP level 3. HP: 29/29 MP: 4/4
  1023 | D:2      | Reached skill level 1 in Spellcasting
  1266 | D:2      | You fall into a shaft and drop 2 floors!
  1268 | D:4      | Found a shimmering altar of Xom.
  1269 | D:4      | Found a stormy altar of Qazlal.
  1269 | D:4      | Found an ornate altar of the Wu Jian Council.
  1321 | D:4      | Noticed a phantom
  1332 | D:4      | Killed a phantom
  1333 | D:4      | Reached XP level 4. HP: 37/37 MP: 4/6
  1348 | D:4      | Noticed a wyvern
  1352 | D:4      | Slain by a wyvern

Illustrated notes

Levels and vault maps discovered:
D:1:      roderic_chinese_lattice_arrival, layout_basic,
          ebering_ecumenical_altar_sacrificial
D:2:      layout_basic, serial_shops, nicolae_shop_advertising_works
          [nicolae_subvault_shop_adworks], basic_altar
D:4:      layout_rooms, old_standard_altar, gammafunk_temple_overflow_forgotten,
          minmay_temple_entry_poolview, gup_sewer_entry_bowl,
          serial_bayou_ford_a, kennysheep_generic_room_14

Skill      XL: |  1  2  3 |
---------------+----------+-----
Dodging        | 1 2 |  2.0
Spellcasting   | 1 |  1.7
Shields        | 3 |  3.1
Fighting       | |  3.9
Maces & Flails | |  1.7
Armour         | |  2.7

Action                     |  1- 3 |  4- 6 || total
---------------------------+-------+-------++-------
  Melee: Flail             |    90 |     2 ||    92
 Invoke: Curse Item        |     2 |       ||     2
 Armour: Scale mail        |    32 |       ||    32
  Dodge: Dodged            |    34 |       ||    34
  Block: Buckler           |    27 |     1 ||    28
